nht, chaotic male sylph Rogue --- ------- |. |.@.... |.---.--- - |.....| Z'& ' |.----| & |.|^..| |O|.|.| |*..|.| E ; m |---|.| ; |...|*| a | |.|.---h L aa L |.|...| ; V ; a ---.|--%| aa |...|...| & aa |.---.--- aa & q |.....| T |.----- R |... Y R D H H ----- nht the Burglar Experience level: 20 Strength: 15 Dexterity: 20 Constitution: 16 Intelligence: 16 Wisdom: 14 Charisma: 13 Health: 112(119) Energy: 7(129) Def: 39 Gold: 558 Moves: 11462 Dungeon seed: hLCtnsNdHxvFJa29 Game ID: nht_1515487848 Your Inventory: Coins $ - 558 gold pieces Amulets k - an uncursed amulet of reflection (being worn) Weapons w - the uncursed rustproof +6 Valerian (weapon in hand) T - a blessed +6 dagger (wielded in other hand) Armor e - a blessed +5 helm of brilliance (being worn) n - an uncursed +0 pair of leather gloves (being worn) q - a blessed +4 white dragon scale mail (being worn) y - a blessed +5 pair of speed boots (being worn) N - a blessed +3 elven cloak (being worn) P - a blessed +4 T-shirt (being worn) Comestibles s - an uncursed lizard corpse Scrolls j - a cursed scroll of create monster W - a blessed scroll of charging Potions m - an uncursed potion of speed Rings h - an uncursed ring of regeneration Q - an uncursed ring of polymorph control (on right hand) Z - an uncursed ring of polymorph Wands c - an uncursed wand of striking (0:0) d - an uncursed wand of undead turning (0:7) g - an uncursed wand of teleportation (0:3) o - an uncursed wand of digging (0:0) p - an uncursed wand of cancellation (1:7) r - a blessed rustproof wand of polymorph (0:1) x - an uncursed wand of sleep (0:8) E - an uncursed wand of cold (1:3) J - an uncursed wand of fire (0:4) R - an uncursed wand of polymorph (0:8) S - an uncursed wand of secret door detection (0:9) U - an uncursed wand of sleep (0:7) Tools b - a blessed bag of holding f - an uncursed tooled horn i - a blessed oil lamp (lit) (0:1117) l - an uncursed blindfold t - an uncursed stethoscope u - the blessed Master Key of Thievery v - an uncursed lock pick z - a blessed +0 unicorn horn B - the uncursed Bell of Opening (0:3) Gems G - an uncursed luckstone Contents of the bag of holding: 2295 gold pieces an uncursed amulet of ESP an uncursed amulet of life saving an uncursed amulet of life saving the uncursed rustproof +0 Fire Brand the uncursed durable +0 Werebane 11 uncursed [+1] darts named +1 11 uncursed [+2] darts named +2 an uncursed +0 silver saber a blessed +2 elven shield an uncursed -1 helm of opposite alignment an uncursed [-1] helm of opposite alignment an uncursed +0 mummy wrapping a blessed +2 pair of gauntlets of power an uncursed -1 pair of levitation boots an uncursed fortune cookie an uncursed lembas wafer an uncursed lizard corpse 15 uncursed lumps of royal jelly an uncursed melon an uncursed orange 2 uncursed pancakes a blessed scroll [of earth] labeled RATSANOPU called earth an uncursed scroll [of earth] labeled RATSANOPU called earth 3 uncursed scroll [of scare monster]'s labeled KIRJE called scare a blessed scroll of confuse monster 5 uncursed scrolls of confuse monster an uncursed scroll of create monster a [cursed] scroll of enchant weapon an uncursed scroll of fire an uncursed scroll of gold detection a cursed scroll of gold detection 2 uncursed scrolls of stinking cloud a blessed scroll of teleportation an uncursed scroll of teleportation 4 cursed scrolls of teleportation 4 blessed unlabeled scroll [of blank paper]'s 3 cursed unlabeled scroll [of blank paper]'s 2 uncursed brown potion [of fruit juice]'s called taste rotten an uncursed potion of acid 2 uncursed potions of extra healing 4 uncursed potions of full healing a [blessed] potion of full healing a [cursed] potion of full healing an uncursed potion of gain ability 4 uncursed potions of gain level a cursed potion of gain level 8 uncursed potions of healing a potion of holy water an uncursed potion of levitation an uncursed potion of monster detection 6 uncursed potions of object detection a blessed potion of oil a blessed potion of paralysis an uncursed potion of paralysis an uncursed potion of see invisible a blessed potion of sickness a [cursed] potion of sickness 4 uncursed potions of speed a potion of unholy water a [uncursed] coral ring [of fire resistance] an uncursed ring of cold resistance an uncursed ring of conflict an uncursed ring of free action an uncursed ring of shock resistance an uncursed ring of teleport control a [uncursed] [-1] wire ring [of stealth] an uncursed wand of cold (0:4) an uncursed wand of fire (0:8) an uncursed wand of fire (0:5) an uncursed wand of light (1:6) a blessed wand of lightning (1:8) an uncursed wand of lightning (0:3) an uncursed wand of locking (0:3) a [uncursed] wand of locking [0:6] an uncursed wand of opening (0:3) a [uncursed] wand of opening [0:7] an uncursed wand of sleep (0:7) an uncursed wand of slow monster (1:6) an uncursed wand of slow monster [1:7] an uncursed wand of speed monster (1:4) an uncursed wand of striking (0:5) an uncursed wand of teleportation (1:6) an uncursed wand of undead turning (0:1) an uncursed drum of earthquake (0:8) an uncursed expensive camera (0:31) an uncursed magic flute (0:8) an uncursed magic flute (0:8) a blessed fireproof magic marker (1:2) an uncursed magic whistle 6 uncursed tallow candles [0:200] 2 uncursed wax candles [0:400] 6 uncursed [worthless] yellow gems 14 uncursed [worthless] yellowish brown gems an uncursed agate 3 uncursed amethysts an uncursed aquamarine 2 uncursed diamonds 3 uncursed emeralds an uncursed jasper an uncursed opal 2 uncursed rubies Spells and supernatural/magical abilities: Name Level Category Fail Memory a - force bolt 1 attack 22% 96% c - cause fear 3 enchantment 80% 97% d - dig 2 matter 22% 99% e - charm monster 5 enchantment 100% 97% f - fireball 4 attack 100% 85% h - healing 1 healing 22% 96% j - jumping 1 escape 22% 97% k - knock 1 matter 22% 96% l - light 1 divination 22% 98% m - magic missile 2 attack 22% 98% n - detect monsters 1 divination 22% 91% o - cone of cold 4 attack 100% 99% p - protection 1 clerical 22% 98% r - remove curse 3 clerical 80% 99% s - slow monster 1 enchantment 22% 84% t - teleport away 6 escape 100% 96% u - confuse monster 2 enchantment 22% 97% v - clairvoyance 3 divination 22% 99% w - wizard lock 2 matter 22% 97% x - extra healing 3 healing 22% 97% z - sleep 2 enchantment 22% 96% B - cure blindness 2 healing 22% 97% E - detect food 2 divination 22% 96% G - detect treasure 4 divination 0% 99% H - haste self 3 escape 80% 81% I - identify 3 divination 22% 97% K - cure sickness 3 healing 22% 85% L - levitation 4 escape 100% 99% M - magic mapping 5 divination 31% 96% O - create monster 2 clerical 22% 96% S - stone to flesh 3 healing 22% 97% T - turn undead 4 clerical 100% 96% W - pray for help -- divine ? -- Your skills at the end: Miscellaneous Skills two weapon combat [Basic] shield [Basic] wands [Skilled] stealth [Master] Weapon Skills dagger [Expert] short sword [Basic] long sword [Basic] dart [Basic] Spellcasting Skills healing spells [Basic] divination spells [Skilled] Final Attributes: You were piously aligned. You were cold resistant. You were sleep resistant. Your writing hand was ok. You saw invisible. You were telepathic. You were warned. You had automatic searching. You had infravision. You were sensing the presence of monsters. You were invisible to others. You were displaced. You were very stealthy. You had teleport control. You were protected. You were protected from shape changers. You had polymorph control. You were very fast. You had reflection. You were wielding two weapons at once. You were extremely lucky. You had extra luck. Bad luck did not time out for you. Good luck did not time out for you. You survived. Vanquished creatures: an elder blue dragon 2 gray dragons a silver dragon 2 red dragons 3 white dragons a black dragon a blue dragon 2 storm giants a minotaur The Master Assassin a baluchitherium a young silver dragon 3 young red dragons a young orange dragon 2 young black dragons a young blue dragon a young green dragon a hell hound a titanothere a baby blue dragon a gryphon 4 guardian nagas 2 vampire lords 6 captains a lich a clay golem a nurse 2 ghosts an ettin 4 lieutenants a queen bee 3 giant mimics a fire giant an ogre king 2 ice trolls 8 rock trolls 3 umber hulks a flesh golem a doppelganger a hezrou a bone devil 2 large mimics a wumpus a baby purple worm a long worm 2 stalkers a fire elemental a water elemental a giant mummy a black naga 2 elf-lords 3 xorns a giant zombie 3 sergeants 2 water demons a warg 3 quantum mechanics a small mimic 2 glass piercers 4 warhorses 8 trolls a sasquatch 2 wood golems 2 djinn a large dog a freezing sphere a shocking sphere a tiger 2 gargoyles 2 tengu an ochre jelly 2 crocodiles 9 chameleons 3 mountain centaurs 5 giants an elf mummy a human mummy 2 red nagas 4 pit vipers 2 pythons a wraith 2 ettin zombies 2 leather golems 18 soldiers a succubus 2 incubi 2 giant beetles a cockatrice 3 winter wolf cubs a panther 63 leprechauns a quivering blob 2 spotted jellies 2 lizards 3 mountain nymphs an orc-captain 2 mumakil 3 giant spiders a scorpion a horse an ice vortex a vampire bat 6 forest centaurs 5 gnome kings 2 dwarf mummies an ogre a brown pudding 4 Green-elves 2 rust monsters 4 owlbears 2 yetis 3 piranhas a thug a dingo 2 jaguars 2 dwarf lords a blue jelly 8 water nymphs 2 white unicorns a gray unicorn a dust vortex 23 ravens 5 plains centaurs 3 gnome mummies a Woodland-elf 2 snakes 2 apes 4 soldier ants 2 fire ants 21 bugbears a quasit 2 wood nymphs a Mordor orc 6 Uruk-hai 2 orc shamans a rock piercer a pony a fog cloud 3 shriekers a violet fungus 20 gnome lords 8 gnomish wizards a kobold mummy a guardian naga hatchling 4 gray oozes a barrow wight an elf zombie a straw golem 5 giant ants 7 floating eyes 2 kittens 19 dwarves 4 kobold lords 3 kobold shamans an iguana 9 hill orcs 15 rothes 2 rabid rats a centipede a jitterbug 2 giant bats a monkey 3 orc zombies 5 dwarf zombies 3 wererats a werejackal 71 killer bees 2 gas spores 6 hobbits 3 acid blobs 4 large kobolds 6 geckos 24 hobgoblins 13 giant rats a brown mold a yellow mold 4 green molds 3 red molds 75 gnomes 5 garter snakes 19 manes 5 gnome zombies 6 jackals 4 foxes 6 kobolds 9 newts 7 goblins 6 sewer rats 11 grid bugs 4 bats 8 lichens 2 kobold zombies 829 creatures vanquished. Voluntary challenges: You had followed a strict vegan diet until turn 4151. You had followed a strict vegetarian diet until turn 9124. You did not cause conflict. You were not invisible. You did not have reflection until turn 7254. You used a wielded weapon 1494 times, starting on turn 2. You did not use sinks. You read items or engraved 324 times, starting on turn 1326. You never genocided any monsters. You polymorphed 101 items, starting on turn 10697. You changed form 10 times, starting on turn 9123. You completed Sokoban on turn 7196, according to the rules. You used 3 wishes, starting on turn 9455. You did not wish for any artifacts. You never split a pudding. You wrote Elbereth's name 1 time, starting on turn 9358. You violated your moral code, losing 6 points of alignment, starting on turn 8861. Dungeon overview: The Dungeons of Doom: levels 1 to 27 Level 1 a long staircase Level 2 a sink stairs to The Gnomish Mines Level 3 some altars to Issek and Mog Level 4 (junk) a general store, a fountain Level 5 (junk) a general store Level 6 Level 7 stairs to Sokoban Level 8 Level 9 Level 10 Level 11 an altar to Issek, a fountain Level 12 Level 13 (quest) an altar to Mog portal to The Quest Level 14 Level 15 a fountain Level 16 (throne) a throne Level 17 a fountain Level 18 (rogue) Level 19 a temple to Kos, a magic chest Level 20 Level 21 many trees Level 22 Level 23 Level 24 Level 25 Level 26 Level 27 (castle) a magic chest, some fountains, some trees Gehennom: levels 28 to 46 Level 28 stairs to The Dungeons of Doom Level 36 Level 37 Level 38 Level 39 Level 40 (dispater) a magic chest Level 41 (orcus) Level 42 Level 43 Level 46 <- You were here The Gnomish Mines: levels 3 to 11 Level 3 stairs to The Dungeons of Doom Level 4 Level 5 Level 6 (junk) many shops, a temple to Kos, a magic chest, some fountains Level 7 Level 8 Level 9 Level 10 Level 11 The Quest: levels 1 to 5 Level 1 a magic chest portal to The Dungeons of Doom Level 5 Sokoban: levels 3 to 6 Level 3 a magic chest Level 4 Level 5 Level 6 a magic chest stairs to The Dungeons of Doom History has recorded: On T:1 you entered the Dungeons of Doom to retrieve the Amulet of Yendor! On T:23 you reached level 2 of The Dungeons of Doom. On T:64 you reached level 3 of The Dungeons of Doom. On T:326 you reached level 4 of The Dungeons of Doom. On T:429 you reached level 5 of The Dungeons of Doom. On T:436 you advanced to experience level 2. On T:701 you advanced to experience level 3. On T:883 you reached level 1 of The Gnomish Mines. On T:939 you advanced to experience level 4. On T:1011 you reached level 2 of The Gnomish Mines. On T:1022 you advanced to experience level 5. On T:1292 you advanced to experience level 6. On T:1379 you reached level 4 of The Gnomish Mines. On T:1488 you prayed to Kos. On T:1519 you opened a magic chest. On T:1530 you entered the Minetown temple On T:1667 you advanced to experience level 7. On T:1846 you reached level 5 of The Gnomish Mines. On T:2074 you reached level 6 of The Gnomish Mines. On T:2141 you advanced to experience level 8. On T:2152 you reached level 7 of The Gnomish Mines. On T:2218 you reached level 8 of The Gnomish Mines. On T:2639 you reached level 6 of The Dungeons of Doom. On T:2772 you reached level 7 of The Dungeons of Doom. On T:2860 you reached level 4 of Sokoban. On T:2894 you reached level 8 of The Dungeons of Doom. On T:3239 you reached level 9 of The Dungeons of Doom. On T:3312 you reached level 10 of The Dungeons of Doom. On T:3333 you reached level 11 of The Dungeons of Doom. On T:3350 you advanced to experience level 9. On T:3410 you reached level 12 of The Dungeons of Doom. On T:3577 you reached level 13 of The Dungeons of Doom. On T:3902 you reached level 14 of The Dungeons of Doom. On T:4058 you advanced to experience level 10. On T:4129 you reached level 15 of The Dungeons of Doom. On T:4255 you reached level 16 of The Dungeons of Doom. On T:4491 you reached level 17 of The Dungeons of Doom. On T:4495 you advanced to experience level 11. On T:4559 you reached level 18 of The Dungeons of Doom. On T:4559 you entered the Rogue tribute level. On T:4939 you reached level 1 of The Quest. On T:5794 you reached level 3 of Sokoban. On T:6102 you reached level 2 of Sokoban. On T:6333 you reached level 1 of Sokoban. On T:7196 you advanced to experience level 12. On T:7196 you entered the Sokoban zoo. On T:7579 you received Valerian from Kos. On T:7739 you reached level 9 of The Gnomish Mines. On T:7739 you reached the bottom of the Mines. On T:8287 you received Fire Brand from Kos. On T:8342 you received Werebane from Kos. On T:8831 you reached level 19 of The Dungeons of Doom. On T:8905 you reached level 20 of The Dungeons of Doom. On T:9034 you reached level 21 of The Dungeons of Doom. On T:9185 you reached level 22 of The Dungeons of Doom. On T:9197 you reached level 23 of The Dungeons of Doom. On T:9204 you reached level 24 of The Dungeons of Doom. On T:9227 you reached level 25 of The Dungeons of Doom. On T:9246 you reached level 26 of The Dungeons of Doom. On T:9259 you reached The Castle. On T:9455 you wished for "blessed fixed wand of polymorph". On T:9557 you wished for "blessed fixed magic marker". On T:9912 you embarked upon an epic quest. On T:9913 you reached level 5 of The Quest. On T:10390 you killed Master Assassin on level 5 of The Quest. On T:10458 you completed the quest! On T:10863 you advanced to experience level 19. On T:10988 you prayed to Kos. On T:11011 you advanced to experience level 20. On T:11160 you wished for "3 blessed scrolls of charging". On T:11227 you reached The Valley of the Dead. On T:11320 you reached level 9 of Gehennom. On T:11321 you reached level 10 of Gehennom. On T:11360 you reached level 11 of Gehennom. On T:11361 you reached level 12 of Gehennom. On T:11366 you reached level 13 of Gehennom. On T:11401 you reached level 14 of Gehennom. On T:11404 you reached level 15 of Gehennom. On T:11438 you reached level 16 of Gehennom. On T:11439 you reached level 19 of Gehennom. Score breakdown: Gold: 2853 ( 285 points) Experience: 20 levels ( 1900 points) Exploration: 46 levels ( 1350 points) Discoveries: 148 items ( 2000 points) Variety of kills: 192 monsters ( 2000 points) Major goal: finished the Quest ( 2000 points) Survival: quit (score multiplied by 3) Total score: 28605 Latest messages: You have a little trouble removing X - a cursed scroll of teleportation. As you read the scroll, it disappears. The rock troll puts on a chain mail. Please move the cursor to an unknown object. Never mind. There's a gaping hole under you! You hear a distant squeak. Your sweetly-scented blade puts the warhorse to sleep. You stab the warhorse! (5x) You kill the warhorse! You see here a warhorse corpse. You see here a red gem. You find a dart trap. You have a little trouble lifting $ - 365 gold pieces. To quit the game, use the 'save' command (typically on 'S'). Final status: Goodbye nht the Rogue, quit... You quit in Gehennom on dungeon level 46 with 28605 points, and 2853 pieces of gold, after 11462 moves. You were level 20 with a maximum of 119 hit points when you quit.